 Dungeon Crawl Stone Soup version 0.13-a0-2942-g3a822f8 (webtiles) character file.

565 M4edhros the Skirmisher (level 6, -8/43 HPs)
             Began as an Octopode Death Knight on Sept 5, 2013.
             Was a Priest of Yredelemnul.
             Mangled by Pikel
             ... wielding a +1,+0 whip of electrocution
              (10 damage)
             ... on Level 4 of the Dungeon.
             The game lasted 00:06:34 (3069 turns).

M4edhros the Skirmisher (Octopode Death Knight)     Turns: 3069, Time: 00:06:34

HP  -8/43        AC  1     Str 12      XL: 6   Next: 78%
MP  10/10        EV 12     Int 15      God: Yredelemnul [***...]
Gold 178         SH  0     Dex 12      Spells:  0 memorised,  5 levels left

Res.Fire  : . . .   See Invis. : .   p - +0 blowgun
Res.Cold  : . . .   Warding    : .   (no shield)
Life Prot.: . . .   Conserve   : .   (helmet restricted)
Res.Poison: .       Res.Corr.  : .   (no amulet)
Res.Elec. : .       Clarity    : .   (no ring)
Sust.Abil.: . .     Spirit.Shd : .   (no ring)
Res.Mut.  : .       Stasis     : .   (no ring)
Res.Rott. : .       Flight     : .   (no ring)
Saprovore : . . .                    (no ring)
                                     (no ring)
                                     (no ring)
                                     (no ring)

@: slightly resistant to hostile enchantments, fairly stealthy
A: almost no armour, amphibious, 8 rings, constrict 8, camouflage 1, AC +1
a: Animate Dead, Recall Undead Slaves, Injury Mirror, Renounce Religion


You were on level 4 of the Dungeon.
You worshipped Yredelemnul.
Yredelemnul was greatly pleased with you.
You were hungry.

You visited 1 branch of the dungeon, and saw 4 of its levels.

You collected 158 gold pieces.

Inventory:

Hand weapons
 a - a +1,+1 spear {=f}
 j - a +2,+0 orcish flail of protection
 p - a +0 blowgun (weapon)
Missiles
 n - 2 curare-tipped needles (quivered)
Comestibles
 c - 2 bread rations
 f - a meat ration
 g - a pear
Scrolls
 b - 4 scrolls of remove curse {unknown}
 d - 3 scrolls of identify {unknown}
 e - 2 scrolls of curse weapon {unknown}
 k - a scroll of enchant weapon I {unknown}
 l - a scroll of curse armour {unknown}
 m - a scroll of enchant weapon II {unknown}
 q - a scroll of random uselessness {unknown}
Jewellery
 h - an uncursed amulet of resist corrosion {unknown}
Potions
 i - a potion of poison
 o - a potion of curing
 r - 3 potions of degeneration {unknown}


   Skills:
 + Level 5.6 Fighting
 - Level 4.5 Polearms
 - Level 1.5 Dodging
 - Level 3.0 Invocations


You had 5 spell levels left.
You didn't know any spells.

Dungeon Overview and Level Annotations

Branches:
Dungeon (4/27)
 Temple: D:4-7

Altars:

Annotations:
D:4 Pikel


Innate Abilities, Weirdness & Mutations

You cannot wear most types of armour.
You are amphibious.
You can wear up to eight rings at the same time.
You can use your tentacles to constrict many enemies at once.
Your skin changes colour to match your surroundings (Stlth).
Your rubbery body absorbs attacks (AC +1).


Message History

Firing (i - inventory. (,) - cycle):
n - 5 curare-tipped needles (quivered)
Press: ? - help, Shift-Dir - straight line, f - Pikel
Aim: Pikel, wielding a glowing whip and wearing a robe You shoot a curare-tipped needle.
The curare-tipped needle misses Pikel.
Pikel hits you with a glowing whip!
You are electrocuted!
Ouch! That really hurt!
Firing (i - inventory. (,) - cycle):
n - 4 curare-tipped needles (quivered)
Press: ? - help, Shift-Dir - straight line, f/p - Pikel
Aim: Pikel, wielding a whip of electrocution and wearing a robe You shoot a curare-tipped needle.
The curare-tipped needle misses Pikel.
Firing (i - inventory. (,) - cycle):
n - 3 curare-tipped needles (quivered)
Press: ? - help, Shift-Dir - straight line, f/p - Pikel
Aim: Pikel, wielding a whip of electrocution and wearing a robe You shoot a curare-tipped needle.
The curare-tipped needle hits Pikel.
Pikel is poisoned.
Pikel convulses.
Pikel seems to slow down.
Pikel hits you with a whip of electrocution!
* * * LOW HITPOINT WARNING * * *
You are electrocuted!
You die...
Your body rises from the dead as a mindless zombie.

#.#.##.#<...# ####
#.#.##.#)####
...############.#.##%#....#.#.
...............................
.#.############.#....####.#.#.
.#.# #...).......# #
.#.#######################..
..............bK.###### #
.#.#############@#....## .#.#
#.#...... ##.# #.#....# ...#
#.#....# # #### #.#....##.#
#.#.......# #..%......#
#########.......#
.............##.#


You could see Pikel and a bat.

Vanquished Creatures
  The ghost of M4edhros the Poker, an average OpDK of Yredelemnul (D:4)
  An ogre (D:4)
  A scorpion (D:4)
  2 worker ants (D:4)
  4 adders
  A worm (D:2)
  5 giant geckos
  An ooze (D:1)
  6 orcs
  6 bats
  3 giant cockroaches
  6 goblins
  9 hobgoblins
  5 jackals
  2 ball pythons (D:1)
  5 giant newts
  8 kobolds
  A quokka (D:3)
  8 rats
75 creatures vanquished.

Notes
Turn   | Place    | Note
--------------------------------------------------------------
     0 | D:1      | M4edhros, the Octopode Death Knight, began the quest for the Orb.
     0 | D:1      | Reached XP level 1. HP: 14/14 MP: 2/2
     0 | D:1      | Noticed a tentacled monstrosity
     0 | D:1      | Noticed a golden dragon
     2 | D:1      | Noticed an orb of fire
     2 | D:1      | Noticed an orb of fire
     5 | D:1      | Noticed a shadow dragon
     6 | D:1      | Noticed a tentacled monstrosity
     8 | D:1      | Noticed an iron dragon
    10 | D:1      | Noticed an iron dragon
    13 | D:1      | Noticed a tentacled monstrosity
    16 | D:1      | Noticed an ice dragon
    18 | D:1      | Noticed an ice dragon
    18 | D:1      | Noticed a green draconian
    19 | D:1      | Noticed a tentacled monstrosity
   325 | D:1      | Reached XP level 2. HP: 8/19 MP: 4/4
   612 | D:1      | Acquired Yredelemnul's second power
   668 | D:1      | Reached XP level 3. HP: 11/24 MP: 5/5
  1249 | D:2      | Reached skill level 4 in Polearms
  1284 | D:2      | Reached XP level 4. HP: 21/30 MP: 7/7
  2113 | D:4      | HP: 1/30 [poisoned by a kobold (curare-tipped needle)]
  2314 | D:4      | Noticed M4edhros' ghost (average OpDK)
  2326 | D:4      | Killed M4edhros' ghost
  2326 | D:4      | Reached XP level 5. HP: 11/36 MP: 8/8
  2357 | D:4      | Reached XP level 6. HP: 5/42 MP: 10/10
  2831 | D:4      | Reached skill level 5 in Fighting
  2894 | D:4      | Acquired Yredelemnul's third power
  2900 | D:4      | Noticed an ogre
  2909 | D:4      | Killed an ogre
  2978 | D:4      | Noticed a slave
  2979 | D:4      | Noticed Pikel
  2979 | D:4      | Noticed a slave
  2980 | D:4      | Noticed a slave
  2981 | D:4      | Noticed a slave
  3069 | D:4      | HP: 2/43 [Pikel/whip of electrocution (11)]
  3069 | D:4      | Mangled by Pikel

Action                   |  1- 3 |  4- 6 || total
-------------------------+-------+-------++-------
Melee: Spear             |   106 |    44 ||   150
       Flail             |       |    67 ||    67
 Fire: Blowgun           |       |     3 ||     3
  Use: Potion            |     1 |     5 ||     6
 Stab: Sleeping          |     1 |     3 ||     4
